 Dungeon Crawl Stone Soup version 0.25-a0-458-g6fc7858b95 (webtiles) character file.

Game seed: 10456190324935729863, levelgen mode: deterministic

28 Nattfarinn the Sneak (level 3, 0/18 HPs)
             Began as a Vine Stalker Assassin on Feb 2, 2020.
             Slain by a hobgoblin
             ... wielding a +0 hand axe
              (4 damage)
             ... on level 2 of the Dungeon.
             The game lasted 00:01:31 (1260 turns).

Nattfarinn the Sneak (Vine Stalker Assassin)        Turns: 1260, Time: 00:01:31

Health: 0/18       AC:  4    Str: 13    XL:     3   Next: 14%
Magic:  0/4        EV: 11    Int: 11    God:
Gold:   77         SH:  0    Dex: 16    Spells: 2/2 levels left

rFire    . . .     SeeInvis .   a - +2 dagger
rCold    . . .     Gourm    .   (no shield)
rNeg     . . .     Faith    .   b - +0 robe
rPois    .         Spirit   +   (no helmet)
rElec    .         Reflect  .   c - +0 cloak
rCorr    .         Harm     .   i - +0 pair of gloves
MR       .....                  (no boots)
Stlth    +++.......             (no amulet)
HPRegen  0.06/turn              (no ring)
MPRegen  0.09/turn              (no ring)

@: heavily drained
A: fangs 2, magic shield, antimagic bite, no potion heal 3, rot immunity
a: no special abilities


You were on level 2 of the Dungeon.
You were not hungry.

You visited 1 branch of the dungeon, and saw 2 of its levels.

You collected 77 gold pieces.

Inventory:

Hand Weapons
 a - a +2 dagger (weapon)
Missiles
 d - 20 poisoned darts (quivered)
 e - 2 curare-tipped darts
 j - 2 stones
Armour
 b - a +0 robe (worn)
 c - a +0 cloak (worn)
 i - a +0 pair of gloves (worn)
Scrolls
 g - a scroll of enchant armour {unknown}
Comestibles
 f - 3 rations
 h - a chunk of flesh


   Skills:
 - Level 1.7(0.6) Fighting
 - Level 1.7(0.6) Short Blades
 - Level 1.7(0.6) Throwing
 + Level 1.1(0.0) Armour
 - Level 0.7(0.0) Dodging
 * Level 5.8(4.5) Stealth


You had 2 spell levels left.
You didn't know any spells.
Your spell library was empty.

Dungeon Overview and Level Annotations

Branches:
Dungeon (2/15)

Altars:
Cheibriados
Sif Muna


Innate Abilities, Weirdness & Mutations

You have extremely sharp teeth.
When hurt, damage is shared between your health and your magic reserves.
Your bite disrupts and absorbs the magic of your enemies.
Potions cannot restore your health.
You are immune to rotting.


Message History

Aim: a goblin, wielding a +0 hunting sling and quivering 9 stones You throw a poisoned dart.
The poisoned dart barely misses the goblin.
The goblin shoots a stone.
The stone hits you but does no damage.
The goblin unwields a +0 hunting sling.
The goblin wields a +0 dagger.
The goblin completely misses you.
You are too injured to fight recklessly!
You hit the goblin. You bite the goblin, but do no damage.
The goblin is severely wounded.
The goblin barely misses you.
You hit the goblin.
You kill the goblin!
You start resting.
A hobgoblin comes into view. It is wielding a +0 hand axe.
You closely miss the hobgoblin.
The hobgoblin shouts!
You bite the hobgoblin. You drain its power.
You feel invigorated.
The hobgoblin is heavily wounded.
The hobgoblin hits you with a +0 hand axe!
You die...

...... #.#...
.......#..?.
#.........#..#.#g#
#.....#...#......
#.......#†#....#
#.......#.#....#
#......##(#...#
###......##@#.#.#
#........##.g...#
#.[....)÷..(..###
#......#.÷....#
#.......(..#.(#
#..........##.##
######.........#
#......#..#
######.#..####
#####


You could see a hobgoblin.

Vanquished Creatures
  2 adders (D:2)
  2 bats (D:2)
  2 goblins (D:2)
  3 hobgoblins (D:1)
  A kobold (D:1)
  2 rats
12 creatures vanquished.

Notes
Turn   | Place    | Note
-------+----------+-------------------------------------------
     0 | D:1      | Nattfarinn the Vine Stalker Assassin began the quest for
                  | the Orb.
     0 | D:1      | Reached XP level 1. HP: 11/11 MP: 2/2
   361 | D:1      | Reached skill level 5 in Stealth
   850 | D:2      | Found a snail-covered altar of Cheibriados.
   898 | D:2      | Found a shimmering blue altar of Sif Muna.
   961 | D:2      | Reached XP level 2. HP: 5/15 MP: 1/3
  1221 | D:2      | Reached skill level 1 in Armour
  1221 | D:2      | Reached XP level 3. HP: 12/18 MP: 2/4
  1260 | D:2      | Slain by a hobgoblin

Levels and vault maps discovered:
D:1:      co_arrival_square_in_a_square_in_a_square, layout_loops_ring,
          lemuel_flame_loot_1
D:2:      layout_basic, lemuel_doored_altar, old_standard_altar,
          old_standard_altar, first_ration, minmay_misc_feat_square

Skill      XL: |  1  2 |
---------------+-------+-----
Stealth        | 5 |  5.8
Armour         | 1 |  1.1
Fighting       | |  1.7
Short Blades   | |  1.7
Throwing       | |  1.7
Dodging        | |  0.7

Action                   || total
-------------------------++-------
Melee: Dagger            ||    30
       Bite              ||    11
Throw: Dart              ||     2
  Use: Potion            ||     1
 Stab: Sleeping          ||     3
  Eat: Chunk             ||     1
Armor: Robe              ||     9
Dodge: Dodged            ||    18

Table legend:
 A = Non-vault XP
 B = Vault XP
 C = Vault XP percentage of total XP
 D = Non-vault monster count
 E = Vault monster count
 F = Vault count percentage of total count
                 A         B        C        D         E       F
            +---------+---------+-------+---------+---------+-------
      Total |      41 |       0 |   0.0 |      12 |       0 |   0.0
            +---------+---------+-------+---------+---------+-------
        D:1 |       8 |       0 |   0.0 |       5 |       0 |   0.0
        D:2 |      33 |       0 |   0.0 |       7 |       0 |   0.0
            +---------+---------+-------+---------+---------+-------
